 Dungeon Crawl Stone Soup version 0.17.0-28-g6e173f8 (webtiles) character file.

7915 R18 the Slicer (level 11, 0/70 HPs)
             Began as a Halfling Fighter on Nov 30, 2015.
             Was a Believer of Qazlal.
             Slain by an orc warrior
             ... wielding a +0 long sword
              (13 damage)
             ... on level 9 of the Dungeon.
             The game lasted 00:26:34 (11577 turns).

R18 the Slicer (Halfling Fighter)                  Turns: 11577, Time: 00:26:34

Health: 0/70       AC: 20    Str: 13 (16) XL:     11   Next: 46%
Magic:  14/14      EV:  7    Int:  7      God:    Qazlal [**....]
Gold:   132        SH:  3    Dex: 21      Spells: 0 memorised, 10 levels left

rFire  . . .     SeeInvis +     a - +0 rapier
rCold  . . .     Clarity  .     t - +0 plate armour
rNeg   . . .     SustAt   .     (shield restricted)
rPois  .         Gourm    .     n - +1 helmet
rElec  .         Spirit   .     r - +0 cloak
rCorr  .         Warding  .     (no gloves)
rMut   +         Stasis   .     x - +0 pair of boots
MR     .....                    i - amulet of resist mutation
Stlth  ..........               E - +3 ring of dexterity
                                p - ring of see invisible

@: not resistant to hostile enchantments, extremely unstealthy
A: mutation resistance 1
a: Upheaval, Renounce Religion


You were on level 9 of the Dungeon.
You worshipped Qazlal.
Qazlal was pleased with you.
You were full.

You visited 1 branch of the dungeon, and saw 9 of its levels.
You also visited: Ossuary.

You collected 423 gold pieces.
You spent 291 gold pieces at shops.

Inventory:

Hand Weapons
 a - a +0 rapier (weapon)
 b - a +0 hunting sling
 l - a +1 scimitar of flaming
 z - a +1 short sword
Missiles
 o - 63 sling bullets
Armour
 c - a +0 shield
 d - a +0 scale mail
 n - a +1 helmet (worn)
 r - a +0 cloak (worn)
 t - a +0 plate armour (worn)
 x - a +0 pair of boots (worn)
Jewellery
 h - an uncursed ring of positive energy
 i - an amulet of resist mutation (around neck)
 p - a ring of see invisible (left hand)
 B - an uncursed ring of protection from fire
 E - a +3 ring of dexterity (right hand)
Wands
 D - a wand of magic darts (5)
Scrolls
 g - 3 scrolls of recharging
 m - a scroll of magic mapping
 w - 4 scrolls of remove curse
 y - 2 scrolls of fog
 C - 2 scrolls of amnesia
 H - 2 scrolls of torment
Potions
 j - 3 potions of brilliance
 k - 2 potions of ambrosia
Books
 u - a Necronomicon

   Spells                             Type                      Level
   a - Haunt                          Necromancy/Summoning         7
   b - Borgnjor's Revivification      Necromancy                   8
   c - Death's Door                   Charms/Necromancy            8
   d - Necromutation                  Transmutation/Necromancy     8
Comestibles
 e - 8 bread rations
 f - a meat ration
 q - 9 fruits
 A - 7 beef jerkies
 F - 9 slices of pizza


   Skills:
 - Level 4.4 Fighting
 - Level 14.5 Short Blades
 + Level 11.2 Armour
 + Level 6.6 Shields
 + Level 4.4 Invocations


You had 10 spell levels left.
You didn't know any spells.

Dungeon Overview and Level Annotations

Branches:
Dungeon (9/15)             Temple (0/1) D:5            Lair (0/8) D:9
    Orc: D:9-12

Altars:
Ashenzari
Fedhas
Nemelex Xobeh
Okawaru
Qazlal
Ru
Xom
Zin
The Shining One

Shops:
D:5 :?}*   D:6 }

Annotations:
D:6 Musteatbrain's ghost, novice MiFi


Innate Abilities, Weirdness & Mutations

You are small and have problems with some larger weapons.
You are somewhat resistant to further mutation.


Message History

You closely miss the orc warrior.
The orc warrior is moderately wounded.
You closely miss the orc warrior.
The orc warrior is moderately wounded.
You puncture the orc warrior!
The orc warrior is severely wounded.
The orc warrior barely misses you.
You barely miss the orc warrior.
The orc warrior is severely wounded.
You closely miss the orc warrior.
The orc warrior is severely wounded.
You block the orc warrior's attack.
You hit the orc warrior but do no damage.
The orc warrior is severely wounded.
You closely miss the orc warrior.
The orc warrior is severely wounded.
Your plate armour prevents you from hitting the orc warrior.
The orc warrior is severely wounded.
The orc warrior hits you with a long sword!
You die...

................
.....>.........###
..............)#..
.......P.......#.###
.#.P..P..#.....#.#..
.#.......#.....#.#.#
###.....##.....#.#.#
.###...#####...#.#.#
.###..........o#@#.#
......###.#.#ยง#o#(#
...#..........#.#.#
)#....##..#.#.#.#.#
...##....##.#.#.#.#
#####.....#...#.#..
# #.#.......#.### #
#[#..###..#.. #### #
#)##.#
#..########....


You could see an orc warrior.

Vanquished Creatures
  Erolcha (D:8)
  Erica (D:8)
  Pikel (D:7)
  A cyclops (D:9)
  Maurice (D:9)
  An elephant (D:9)
  Prince Ribbit (D:7)
  A two-headed ogre (D:9)
  3 humans
  Grum (D:9)
  A wyvern (D:8)
  4 wolves (D:9)
  Menkaure (D:7)
  A slave (D:7)
  A phantom (D:8)
  2 black bears
  An orc warrior (D:9)
  A wasp (D:8)
  An ice beast (D:5)
  4 centaurs
  4 ogres
  A sky beast (D:5)
  2 big kobolds
  Blork the orc (D:4)
  5 giant frogs
  A wyvern zombie (D:9)
  2 scorpions
  10 wights
  A centaur zombie (D:8)
  A crimson imp (D:5)
  6 hounds
  A centaur skeleton (D:5)
  An orc priest (D:9)
  3 jellies
  3 orc wizards
  A wasp zombie (D:5)
  2 giant frog skeletons
  2 iguanas
  Natasha (thrice) (D:4)
  6 sheep
  5 worker ants
  9 big kobold zombies (Ossuary)
  A mummy (Ossuary)
  9 adders
  2 shadow imps
  4 adder zombies
  4 worms
  An adder skeleton (D:8)
  9 giant geckos
  19 orcs
  7 spectral bats (Ossuary)
  10 hobgoblins
  5 jackals (D:6)
  15 kobolds
  A quokka (D:2)
  6 bats
  3 bat simulacra (Ossuary)
  2 giant cockroaches
  3 giant newts
  3 gnoll zombies (Ossuary)
  3 goblins (D:1)
  4 goblin zombies (Ossuary)
  A hobgoblin zombie (Ossuary)
  A jackal skeleton (D:5)
  2 kobold simulacra (Ossuary)
  7 kobold zombies (Ossuary)
  4 orc zombies (Ossuary)
  9 rats
  2 rat simulacra (Ossuary)
  3 spectral goblins (Ossuary)
  2 spectral kobolds (Ossuary)
  2 spectral rats (Ossuary)
243 creatures vanquished.

Vanquished Creatures (others)
  An ogre (D:8)
  A crimson imp (D:8)
  An adder (D:7)
  2 orc zombies (Ossuary)
5 creatures vanquished.

Grand Total: 248 creatures vanquished

Notes
Turn   | Place    | Note
--------------------------------------------------------------
     0 | D:1      | R18 the Halfling Fighter began the quest for the Orb.
     0 | D:1      | Reached XP level 1. HP: 15/15 MP: 1/1
   147 | D:1      | Reached XP level 2. HP: 20/20 MP: 2/2
   413 | D:1      | Reached XP level 3. HP: 20/25 MP: 3/3
   552 | D:1      | Reached skill level 4 in Short Blades
   917 | D:2      | Reached XP level 4. HP: 25/30 MP: 4/4
  1046 | D:2      | Found a shattered altar of Ashenzari.
  1758 | D:3      | Reached XP level 5. HP: 21/35 MP: 5/5
  1977 | D:3      | Reached skill level 5 in Short Blades
  2310 | D:3      | Found a stormy altar of Qazlal.
  2315 | D:3      | Found a glowing silver altar of Zin.
  2618 | D:3      | Became a worshipper of Qazlal Stormbringer
  2663 | D:4      | Noticed Natasha
  2686 | D:3      | Reached XP level 6. HP: 24/41 MP: 6/6
  2829 | D:4      | Killed Natasha
  2933 | D:4      | Noticed Natasha
  2960 | D:4      | Killed Natasha
  3034 | D:4      | Reached skill level 6 in Short Blades
  3096 | D:4      | Found a shimmering altar of Xom.
  3112 | D:4      | Noticed Natasha
  3114 | D:4      | Killed Natasha
  3208 | D:4      | Noticed Blork the orc
  3218 | D:4      | Killed Blork the orc
  3218 | D:4      | Reached XP level 7. HP: 21/45 MP: 7/7
  3225 | D:4      | Reached skill level 5 in Shields
  3550 | D:4      | Found a glowing golden altar of the Shining One.
  3684 | D:4      | Reached skill level 7 in Short Blades
  3684 | D:4      | Reached skill level 5 in Armour
  3928 | D:5      | Entered Level 5 of the Dungeon
  3938 | D:5      | Found Kaphidin's Book Shop.
  4017 | D:5      | Found Hegawit's Magic Scroll Shoppe.
  4025 | D:5      | Bought a scroll of remove curse for 45 gold pieces
  4025 | D:5      | Bought a scroll of enchant armour for 112 gold pieces
  4025 | D:5      | Bought a scroll of fog for 30 gold pieces
  4025 | D:5      | Bought a scroll of identify for 30 gold pieces
  4046 | D:5      | Found Onukicut's Gadget Shop.
  4419 | D:5      | Reached skill level 8 in Short Blades
  4563 | D:5      | Reached XP level 8. HP: 6/51 MP: 8/8
  5330 | D:5      | Bought a scroll of amnesia for 52 gold pieces
  5356 | D:5      | Found a staircase to the Ecumenical Temple.
  5470 | D:5      | Found Hocobi Ciwne's Assorted Antiques.
  5476 | D:5      | Bought a golden potion for 22 gold pieces
  5612 | D:5      | Reached skill level 9 in Short Blades
  6257 | D:6      | Found Vubeylob's Quality Used Wands.
  6396 | D:6      | Reached skill level 10 in Short Blades
  6513 | D:6      | Reached XP level 9. HP: 55/55 MP: 9/9
  6612 | D:6      | Noticed Musteatbrain's ghost (novice MiFi)
  7018 | D:7      | Reached * piety under Qazlal
  7083 | D:7      | Reached skill level 11 in Short Blades
  7207 | D:7      | Noticed Pikel
  7257 | D:7      | Killed Pikel
  7257 | D:7      | Reached skill level 12 in Short Blades
  7301 | D:7      | Found a sacrificial altar of Ru.
  7347 | D:7      | Noticed Prince Ribbit
  7388 | D:7      | Killed Prince Ribbit
  7515 | D:7      | Found a sand-covered staircase.
  7518 | D:7      | Noticed Menkaure
  7521 | Ossuary  | Entered an ossuary
  7697 | Ossuary  | Reached ** piety under Qazlal
  7850 | Ossuary  | Reached XP level 10. HP: 61/61 MP: 10/10
  8230 | D:7      | Killed Menkaure
  8463 | D:7      | Found a blossoming altar of Fedhas.
  8474 | D:7      | Reached skill level 13 in Short Blades
  8957 | D:8      | Noticed Erica
  8973 | D:8      | Found a sparkling altar of Nemelex Xobeh.
  9154 | D:9      | Noticed Maurice
  9155 | D:9      | Noticed Grum
  9249 | D:9      | Reached skill level 14 in Short Blades
  9315 | D:9      | Killed Maurice
  9380 | D:9      | Killed Grum
  9662 | D:8      | Reached skill level 1 in Invocations
  9744 | D:8      | Found an iron altar of Okawaru.
  9798 | D:8      | Reached *** piety under Qazlal
  9845 | D:8      | Reached skill level 10 in Armour
  9852 | D:8      | Reached XP level 11. HP: 34/67 MP: 12/12
 10251 | D:8      | Noticed Erolcha
 10308 | D:8      | Paralysed by Erolcha for 4 turns
 10318 | D:8      | Killed Erica
 10326 | D:8      | Killed Erolcha
 11304 | D:9      | Found a staircase to the Lair.
 11308 | D:9      | Noticed an elephant
 11350 | D:9      | Killed an elephant
 11440 | D:9      | Noticed a cyclops
 11467 | D:9      | Killed a cyclops
 11577 | D:9      | Slain by an orc warrior

Action                   |  1- 3 |  4- 6 |  7- 9 | 10-12 || total
-------------------------+-------+-------+-------+-------++-------
Melee: Rapier            |   129 |   251 |   785 |   770 ||  1935
 Fire: Hunting sling     |       |       |     3 |       ||     3
Invok: Upheaval          |       |       |       |     3 ||     3
       Elemental Force   |       |       |       |     1 ||     1
Evoke: Wand              |       |       |     6 |    16 ||    22
  Use: Scroll            |       |     4 |     7 |     8 ||    19
       Potion            |       |     6 |     7 |    10 ||    23
 Stab: Distracted        |       |       |       |     1 ||     1
  Eat: Chunk             |       |     5 |    12 |     2 ||    19
       Meat ration       |       |     1 |       |     2 ||     3
       Royal jelly       |       |       |     1 |       ||     1
       Fruit             |       |       |       |     6 ||     6
